 Dungeon Crawl Stone Soup version 0.23.2-33-g5129a83184 (webtiles) character file.

Game seed: 1064612440567293688

101 t4s4d4r the Magician (level 4, -4/30 HPs)
             Began as a Mummy Summoner on July 22, 2019.
             Slain by a gnoll
             ... wielding a +0 spear
              (7 damage)
             ... on level 3 of the Dungeon.
             The game lasted 00:04:23 (3540 turns).

t4s4d4r the Magician (Mummy Summoner)               Turns: 3540, Time: 00:04:24

Health: -4/30      AC:  2    Str: 11    XL:     4   Next: 48%
Magic:  7/11       EV: 12    Int: 15    God:
Gold:   58         SH:  0    Dex: 12    Spells: 7/13 levels left

rFire    x . .     SeeInvis .   c - +1 mace
rCold    + . .     Gourm    .   (no shield)
rNeg     + + +     Faith    .   a - +0 robe
rPois    ∞         Spirit   .   (no helmet)
rElec    .         Reflect  .   (no cloak)
rCorr    .         Harm     .   (no gloves)
MR       .....                  (no boots)
Stlth    ++........             (no amulet)
HPRegen  0.10/turn              b - ring of flight
MPRegen  0.12/turn              (no ring)

@: no status effects
A: no food or potions, fire vulnerability, cold resistance 1, negative energy
resistance 3, torment resistance, unbreathing
a: Evoke Flight


You were on level 3 of the Dungeon.
You were not hungry.

You visited 1 branch of the dungeon, and saw 3 of its levels.

You collected 58 gold pieces.

Inventory:

Hand Weapons
 c - a +1 mace (weapon)
Missiles
 e - 158 stones (quivered)
Armour
 a - a +0 robe (worn)
 i - a +0 ring mail
Jewellery
 b - a ring of flight (left hand)
Scrolls
 d - a scroll of amnesia
 f - a scroll of fear
 g - a scroll of magic mapping {unknown}
 h - a scroll of teleportation
 j - a scroll of blinking {unknown}


   Skills:
 - Level 1.5 Dodging
 - Level 1.5 Stealth
 - Level 5.4 Spellcasting
 + Level 3.6 Summonings


You had 7 spell levels left.
You knew the following spells:

 Your Spells              Type           Power        Failure   Level  Hunger
a - Summon Small Mammal   Summ           ###.         3%          1    N/A
b - Call Imp              Summ           ###.....     5%          2    N/A
c - Call Canine Familiar  Summ           ###.....     11%         3    N/A

Your spell library contained the following spells:

 Spells                   Type           Power        Failure   Level  Hunger
 Summon Guardian Golem    Hex/Summ       #.......     22%         3    N/A
 Summon Ice Beast         Ice/Summ       #.......     58%         4    N/A
 Summon Lightning Spire   Summ/Air       #.......     58%         4    N/A

Dungeon Overview and Level Annotations

Branches:
Dungeon (3/15)

Altars:
Cheibriados
Elyvilon
Vehumet


Innate Abilities, Weirdness & Mutations

You do not eat or drink.
Your flesh is vulnerable to fire.
You are immune to poison.
Your flesh is cold resistant. (rC+)
You are immune to negative energy. (rN+++)
You are immune to unholy pain and torment.
You can survive without breathing.


Message History

A gnoll comes into view. It is wielding a +0 club.
The gnoll hits you from afar with a +0 spear!
The kobold closely misses you. The gnoll hits you.
You hit the gnoll.
You kill the gnoll!
The gnoll hits your hound but does no damage.
The gnoll hits your hound.
Your shadow imp hits the kobold.
Your hound bites the gnoll but does no damage.
The gnoll hits you from afar with a +0 spear!
* * * LOW HITPOINT WARNING * * *
The kobold hits you.
* * * LOW HITPOINT WARNING * * *
The gnoll hits your hound with a +0 club.
The gnoll hits your hound!
Your hound dies!
Your hound's corpse disappears in a puff of smoke!
Your shadow imp hits the kobold.
The kobold dies!
The gnoll hits you from afar with a +0 spear!
You die...

### ..# # # #
..##.# #..
#..##..#.#...#
#g..gg....#
#§#).# #@.#
#.gg†5.).#
.....(.........
#####.####.....
#. .#### ## #


You could see 3 gnolls, a goblin and a friendly shadow imp.

Vanquished Creatures
  2 gnolls
  2 adders (D:2)
  2 dart slugs
  A leopard gecko (D:2)
  4 giant cockroaches
  3 hobgoblins
  A kobold (D:2)
  2 ball pythons
  9 bats
  2 frilled lizards
  6 rats
34 creatures vanquished.

Vanquished Creatures (collateral kills)
  3 gnolls
  An adder (D:2)
  A worm (D:2)
  A dart slug (D:2)
  2 goblins (D:2)
  2 hobgoblins (D:1)
  4 kobolds
  3 bats
  2 rats
19 creatures vanquished.

Vanquished Creatures (others)
  A hobgoblin (D:2)
1 creature vanquished.

Grand Total: 54 creatures vanquished

Notes
Turn   | Place    | Note
-------+----------+-------------------------------------------
     0 | D:1      | t4s4d4r the Mummy Summoner began the quest for the Orb.
     0 | D:1      | Reached XP level 1. HP: 13/13 MP: 4/4
   579 | D:1      | Reached skill level 3 in Spellcasting
  1060 | D:1      | Reached XP level 2. HP: 18/19 MP: 6/6
  1287 | D:1      | Learned a level 2 spell: Call Imp
  1418 | D:1      | Reached skill level 4 in Spellcasting
  2102 | D:1      | Reached XP level 3. HP: 24/24 MP: 8/8
  2585 | D:2      | Found a white marble altar of Elyvilon.
  2595 | D:2      | Reached skill level 5 in Spellcasting
  2830 | D:2      | Found a snail-covered altar of Cheibriados.
  2977 | D:2      | Found a radiant altar of Vehumet.
  3157 | D:2      | Reached XP level 4. HP: 26/30 MP: 11/11
  3162 | D:2      | Learned a level 3 spell: Call Canine Familiar
  3540 | D:3      | Slain by a gnoll

Skill      XL: |  1  2  3 |
---------------+----------+-----
Spellcasting   | 3 4 5 |  5.4
Dodging        | |  1.5
Stealth        | |  1.5
Summonings     | |  3.6

Action                   |  1- 3 |  4- 6 || total
-------------------------+-------+-------++-------
Melee: Unarmed           |    24 |       ||    24
       Mace              |   103 |    17 ||   120
 Cast: Summon Small Mamm |    14 |       ||    14
       Call Imp          |    15 |     4 ||    19
       Call Canine Famil |       |     4 ||     4
  Use: Scroll            |     4 |     1 ||     5
 Stab: Sleeping          |     2 |       ||     2
       Distracted        |     1 |       ||     1
Armor: Robe              |    45 |     7 ||    52
Dodge: Dodged            |   117 |    25 ||   142
